 Dungeon Crawl Stone Soup version 0.29-a0-82-g837932c90e (webtiles) character file.

Game seed: 11396383699316851878

4260 Armakuni the Cruncher (level 10, -10/82 HPs)
             Began as a Human Gladiator on Feb 4, 2022.
             Was a Follower of Vehumet.
             Mangled by a hornet (12 damage)
             ... on level 9 of the Dungeon.
             The game lasted 00:19:19 (9177 turns).

Armakuni the Cruncher (Human Gladiator)             Turns: 9177, Time: 00:19:19

Health: -10/82     AC: 10    Str: 16    XL:     10   Next: 56%
Magic:  10/10      EV: 10    Int: 15    God:    Vehumet [*.....]
Gold:   217        SH:  0    Dex: 14    Spells: 8/9 levels left

rFire   + + .      SeeInvis .   a - +0 quarterstaff (drain)
rCold   + . .      Faith    .   (shield currently unavailable)
rNeg    . . .      Spirit   .   i - +0 scale mail
rPois   +          Reflect  .   h - +2 helmet {Int+3}
rElec   +          Harm     .   u - scarf {+Inv}
rCorr   +          Rampage  .   (no gloves)
Will    .....                   (no boots)
Stlth   ..........              (no amulet)
HPRegen 0.23/turn               W - ring of wizardry
MPRegen 0.12/turn               F - ring of protection from fire

@: lethally poisoned (-10 -> -14), about to teleport, resistant, slowed,
studying Throwing, very slow
A: no striking features
a: Renounce Religion, Evoke Invisibility


You were on level 9 of the Dungeon.
You worshipped Vehumet.
Vehumet was aware of your devotion.
You visited 3 branches of the dungeon, and saw 11 of its levels.

You collected 397 gold pieces.
You spent 180 gold pieces at shops.

Inventory:

Hand Weapons
 a - a +0 quarterstaff of draining (weapon)
Armour
 h - a +2 helmet of intelligence (worn)
 i - a +0 scale mail (worn)
 u - a scarf of invisibility (worn)
Jewellery
 F - a ring of protection from fire (right hand)
 W - a ring of wizardry (left hand)
Scrolls
 b - a scroll of teleportation
 l - 3 scrolls of amnesia
 o - a scroll of vulnerability
 r - 2 scrolls of immolation
 s - a scroll of holy word
Potions
 c - 2 potions of mutation
 d - a potion of curing {unknown}
 e - a potion of magic
 j - 2 potions of might {unknown}
 m - a potion of flight {unknown}
 n - a potion of berserk rage {unknown}
 q - 2 potions of ambrosia {unknown}
 t - a potion of haste {unknown}


   Skills:
 - Level 8.8 Fighting
 + Level 10.1 Staves
 - Level 2.0 Throwing
 + Level 4.1 Armour
 - Level 3.0 Dodging
 - Level 5.3 Evocations


You had 8 spell levels left.
You knew the following spells:

 Your Spells              Type           Power      Damage    Failure   Level
a - Apportation           Tloc           0%         N/A       34%         1

Your spell library contained the following spells:

 Spells                   Type           Power      Damage    Failure   Level
 Foxfire                  Conj/Fire      0%         2x1d4     34%         1
 Animate Skeleton         Necr           0%         N/A       34%         1
 Magic Dart               Conj           0%         1d3       34%         1
 Summon Small Mammal      Summ           0%         N/A       34%         1
 Call Imp                 Summ           0%         N/A       45%         2
 Mephitic Cloud           Conj/Pois/Air  0%         N/A       69%         3


Dungeon Overview and Level Annotations

Branches:
Dungeon (9/15)             Temple (1/1) D:7            Lair (1/6) D:8
    Orc: D:9-12

Altars:
Cheibriados
Dithmenos
Fedhas
Gozag
Hepliaklqana
Kikubaaqudgha
Makhleb
Okawaru
Qazlal
Ru
Sif Muna
Trog
Uskayaw
Vehumet
Xom
Yredelemnul
Zin
The Shining One

Shops:
D:5 *   D:6 **

Annotations:
D:3 3 runed translucent doors, Megustar's ghost, amateur DEFE


Message History

You feel as though you will be slow longer.
You hit the hornet but do no damage.
You feel very sick. The hornet stings you!
You suddenly lose the ability to move!
You can move again.
You feel much better.
You feel very sick. The hornet misses you.
A gnoll shaman comes into view. It is wielding a +0 whip.
The hornet stings you but does no damage.
The hornet stings you.
You feel as though you will be slow longer.
You feel protected.
You feel sick. The hornet stings you!
The orc priest invokes the aid of Beogh against you.
Beogh smites you! The hornet barely misses you.
You completely miss the hornet.
You feel sick. The hornet barely misses you. The hornet stings you!
* * * LOW HITPOINT WARNING * * *
You are more poisoned.
You feel as though you will be slow longer.
You feel very sick.
A wyvern comes into view.
The hornet stings you.
* * * LOW HITPOINT WARNING * * *
There is an open door here.
As you read the scroll of fear, it crumbles to dust.
You assume a fearsome visage.
The wyvern zombie is unaffected.
The hornet looks frightened!
The wyvern looks frightened!
The wyvern hisses angrily.
The orc priest looks frightened!
You feel very sick.
Cornered, the hornet turns to fight!
You feel sick. The hornet stings you!
* * * LOW HITPOINT WARNING * * *
As you read the scroll of teleportation, it crumbles to dust.
You feel strangely unstable.
* * * LOW HITPOINT WARNING * * *
You feel sick. The hornet stings you!
You die...

##. .# #.. .# #.#
.# #.# .# #.# W#
#.# .#
#.#####.#.###
#.yZ.oZ#.l..+
#@###.#†#####
#.##g.#...
#.##..#.#..#
#######.#####.####
#.......## .#
#........# .#
#........# .#
#..<#....#
#........#


You could see a hornet (inner flame), an orc priest (inner flame, fleeing), a
wyvern zombie (inner flame) and a centaur zombie.

Vanquished Creatures
  A centaur warrior (D:7)
  Sigmund (D:6)
  A shadow (D:9)
  A steam dragon (D:8)
  Duvessa (D:6)
  An acid dragon (D:8)
  2 wargs (D:8)
  An orc warrior (D:8)
  2 black bears
  2 sky beasts
  4 ogres
  2 centaurs
  A phantom (D:5)
  A kobold brigand (D:8)
  A scorpion (D:6)
  4 bullfrogs
  A wyvern zombie (D:8)
  Dowan (D:6)
  11 wights
  2 centaur zombies
  4 hounds
  A bullfrog skeleton (D:7)
  A centaur skeleton (D:7)
  3 orc priests (D:8)
  A jelly (D:7)
  Terence (D:2)
  2 iguanas (D:5)
  6 orc wizards
  A hound skeleton (D:5)
  Robin (D:2)
  7 adders
  2 shadow imps
  3 white imps (D:6)
  An ufetubus (D:6)
  An adder skeleton (D:4)
  2 worms
  3 dart slugs
  9 orcs
  9 ball pythons
  6 bats
  4 endoplasms
  4 giant cockroaches
  17 goblins
  17 hobgoblins
  4 jackals
  7 kobolds
  5 quokkas
  2 frilled lizards
  4 rats
169 creatures vanquished.

Vanquished Creatures (others)
  A plant (D:8)
1 creature vanquished.

Grand Total: 170 creatures vanquished

Notes
Turn   | Place    | Note
-------+----------+-------------------------------------------
     0 | D:1      | Armakuni the Human Gladiator began the quest for the Orb.
     0 | D:1      | Reached XP level 1. HP: 16/16 MP: 1/1
   145 | D:1      | Reached XP level 2. HP: 22/22 MP: 2/2
   434 | D:1      | Reached XP level 3. HP: 24/28 MP: 3/3
   917 | D:2      | Noticed Terence
   925 | D:2      | Killed Terence
   926 | D:2      | Reached XP level 4. HP: 30/35 MP: 4/4
   996 | D:2      | Found a faded altar of an unknown god.
  1026 | D:2      | Reached skill level 4 in Staves
  1210 | D:2      | Noticed Robin
  1228 | D:2      | Killed Robin
  1512 | D:2      | Reached XP level 5. HP: 30/42 MP: 5/5
  2087 | D:3      | Found a hide-covered altar of Uskayaw.
  2115 | D:3      | Noticed Megustar's ghost (amateur DEFE)
  2123 | D:3      | Found an iron altar of Okawaru.
  2591 | D:3      | Found a runed translucent gate.
  2591 | D:3      | Found a runed translucent gate.
  2593 | D:3      | Found a runed translucent gate.
  2594 | D:3      | Noticed an ice beast
  2679 | D:4      | Noticed a sky beast
  2693 | D:3      | Killed a sky beast
  2694 | D:3      | Reached skill level 5 in Staves
  2694 | D:3      | Reached XP level 6. HP: 39/49 MP: 6/6
  3913 | D:4      | Found a stormy altar of Qazlal.
  3947 | D:5      | Entered Level 5 of the Dungeon
  3973 | D:5      | Noticed a black bear
  4001 | D:5      | Killed a black bear
  4002 | D:5      | Reached skill level 5 in Fighting
  4002 | D:5      | Reached XP level 7. HP: 30/56 MP: 7/7
  4173 | D:5      | Found Oser's Neck Hole.
  4220 | D:5      | Reached skill level 6 in Staves
  4504 | D:5      | Found a glowing golden altar of the Shining One.
  4656 | D:5      | Reached XP level 8. HP: 42/64 MP: 8/8
  4863 | D:5      | Found a glowing silver altar of Zin.
  4864 | D:5      | Noticed an angel
  5144 | D:6      | Reached skill level 7 in Staves
  5238 | D:6      | Noticed Duvessa
  5247 | D:6      | Noticed Dowan
  5250 | D:6      | Killed Duvessa
  5251 | D:6      | Reached skill level 1 in Evocations
  5253 | D:6      | Noticed Sigmund
  5264 | D:6      | Killed Sigmund
  5312 | D:6      | Killed Dowan
  5709 | D:6      | Found a shadowy altar of Dithmenos.
  5735 | D:6      | Found a hazy altar of Hepliaklqana.
  5750 | D:6      | Reached XP level 9. HP: 72/72 MP: 9/9
  6130 | D:6      | Found Veovufuhiq's General Store.
  6131 | D:6      | Found Zeragaqu's Specific Store.
  6139 | D:6      | Learned a level 1 spell: Apportation
  6205 | D:5      | Bought a scarf of invisibility for 180 gold pieces
  6279 | D:6      | Reached skill level 8 in Staves
  6595 | D:7      | Found a staircase to the Ecumenical Temple.
  6600 | Temple   | Entered the Ecumenical Temple
  6637 | Temple   | Became a worshipper of Vehumet
  7699 | D:8      | Reached skill level 5 in Evocations
  7724 | D:8      | Reached skill level 9 in Staves
  7724 | D:8      | Reached XP level 10. HP: 47/82 MP: 10/10
  7749 | D:8      | Found a staircase to the Lair.
  7787 | D:8      | Reached * piety under Vehumet
  7787 | D:8      | Offered knowledge of Foxfire by Vehumet.
  8007 | D:8      | Noticed a centaur warrior
  8370 | D:7      | Killed a centaur warrior
  8719 | D:8      | Reached skill level 10 in Staves
  8826 | D:8      | Found a snail-covered altar of Cheibriados.
  8966 | Lair:1   | Entered Level 1 of the Lair of Beasts
  8966 | Lair:1   | Noticed a cane toad
  9167 | D:9      | Paralysed by a hornet for 1 turns
  9170 | D:9      | Paralysed by a hornet for 1 turns
  9176 | D:9      | HP: 3/82 [hornet (8)]
  9177 | D:9      | Mangled by a hornet

Illustrated notes

Levels and vault maps discovered:
D:1:      beargit_arrival_greenhouse, layout_basic
D:2:      kennysheep_the_goblin_king, layout_basic,
          ebering_ecumenical_altar_abandoned, serial_park_tiny_2,
          grunt_decor_cap, uniq_terence, uniq_robin
D:3:      layout_rooms, mainiacjoe_overflow_cross_hatched, okawaru_gym_becter,
          gammafunk_ghost_split
D:4:      layout_basic, kennysheep_mini_moat, roderic_lattice_a,
          grunt_ministairs_4
D:5:      layout_basic, mainiacjoe_overflow_six_doors_small, zin_angel,
          nicolae_shop_sticking_my_neck_out
D:6:      layout_cave_pods, mainiacjoe_overflow_small_starburst,
          grunt_dithmenos_smoke_and_mirrors, minivault_27,
          nicolae_specific_store, skrybe_limestone_x, uniq_duvessa, uniq_sigmund
D:7:      layout_cave_pools, temple_doors_ab
D:8:      layout_cave_pools, amcnicky_altar_gilded, erik_lair_orcish_takeover,
          minmay_manual_macuahuitl
D:9:      minmay_the_grid_plus_closed [minmay_the_grid_slots,
          minmay_the_grid_small_cups, minmay_the_grid_rooms,
          minmay_the_grid_garden, minmay_the_grid_prize_inner_circle],
          layout_stronghold, mainiacjoe_overflow_boulevard,
          grunt_nemelex_the_gamble, serial_column_ruins,
          column_ruins_square_medium, column_ruins_open_small,
          column_ruins_open_large, column_ruins_open_small, column_ruins_grid_1,
          column_ruins_open_large, enter_bailey_2, uniq_maggie
Temple:   eino_temple_lava
Lair:1:   layout_cave_pods, beast_lair_carwin_2, grunt_megastairs_5,
          infiniplex_staircase_pool

Skill      XL: |  1  2  3  4  5  6  7  8  9 10 |
---------------+-------------------------------+-----
Fighting       | 3 4 5 6 7 8 |  8.8
Staves         | 4 5 6 7 9 10 | 10.1
Evocations     | 2 5 |  5.3
Armour         | 4 |  4.1
Throwing       | |  2.0
Dodging        | |  3.0

Action                   |  1- 3 |  4- 6 |  7- 9 | 10-12 || total
-------------------------+-------+-------+-------+-------++-------
Melee: Quarterstaff      |    74 |   269 |   277 |    86 ||   706
Throw: Dart              |     2 |     1 |       |       ||     3
       Throwing net      |     1 |     2 |     3 |       ||     6
Evoke: Wand              |       |       |    23 |     3 ||    26
  Use: Scroll            |     1 |     9 |     6 |     4 ||    20
       Potion            |       |       |     2 |     4 ||     6
 Stab: Sleeping          |     1 |       |       |       ||     1
       Held in net/web   |       |       |     2 |       ||     2
       Paralysed         |       |       |     6 |       ||     6
Armor: Leather armour    |    34 |       |       |       ||    34
       Scale mail        |       |   126 |   131 |    47 ||   304
       Skin              |       |       |    12 |    17 ||    29
Dodge: Dodged            |    85 |   133 |   115 |    45 ||   378

Table legend: (Time is in decaauts)
 A = Elapsed time spent in this place.
 B = Non-inter-level travel time spent in this place.
 C = Inter-level travel time spent in this place.
 D = Time resting spent in this place.
 E = Time spent auto-exploring this place.
 F = Levels seen in this place.
 G = Mean time per level.
                   A        B        C        D        E       F      G
               +--------+--------+--------+--------+--------+-----+--------+
         Total |   9176 |   8880 |    296 |   2118 |   4820 |  11 |  834.2 |
       Dungeon |   9129 |   8840 |    289 |   2118 |   4792 |   9 | 1014.3 |
        Temple |     45 |     38 |      7 |      0 |     28 |   1 |   45.0 |
          Lair |      1 |      1 |      0 |      0 |      0 |   1 |    1.0 |
               +--------+--------+--------+--------+--------+-----+--------+

Top non-repeatable levels by time:
     D:7: 1515 daAuts
     D:6: 1241 daAuts
     D:5: 1222 daAuts
     D:4: 1204 daAuts
     D:2: 1142 daAuts
     D:8: 1062 daAuts
     D:1: 916 daAuts
     D:3: 714 daAuts
     D:9: 110 daAuts
  Temple: 45 daAuts
  Lair:1: 1 daAuts
